 Dungeon Crawl Stone Soup version 0.19-a0-406-ge21436e (webtiles) character file.

8265 MrRokkomies the Martial Artist (level 11, 0/74 HPs)
             Began as an Octopode Transmuter on May 28, 2016.
             Was a Believer of Uskayaw.
             Slain by a black mamba (9 damage)
             ... on level 1 of the Lair of Beasts on May 31, 2016.
             The game lasted 00:41:36 (13732 turns).

MrRokkomies the Martial Artist (OpTm)              Turns: 13732, Time: 00:41:37

Health: 0/74       AC:  6    Str:  9    XL:     11   Next: 28%
Magic:  13/15      EV: 20    Int: 19    God:    Uskayaw [**....]
Gold:   820        SH:  0    Dex: 18    Spells: 6 memorised, 2 levels left

rFire  + . .     SeeInvis .       - Unarmed
rCold  . . .     Gourm    .     (shield currently unavailable)
rNeg   . . .     Faith    .     (helmet currently unavailable)
rPois  x         Spirit   .     (no amulet)
rElec  .         Dismiss  .     l - +4 ring of protection
rCorr  .         Reflect  .     f - ring of wizardry
SustAt .         Harm     .     B - ring of protection from fire
MR     .....                    (no ring)
Stlth  ++........               (no ring)
                                (no ring)
                                (no ring)
                                (no ring)

@: spider-form, not resistant to hostile enchantments, unstealthy
A: almost no armour, (amphibious), 8 rings, (constrict 8), (camouflage 0),
(gelatinous body 0)
a: End Transformation, Stomp, Line Pass, Renounce Religion


You were on level 1 of the Lair of Beasts.
You worshipped Uskayaw.
Uskayaw was pleased with you.
You were not hungry.
You were a venomous arachnid creature.
You visited 2 branches of the dungeon, and saw 11 of its levels.
You also visited: Bailey.

You collected 820 gold pieces.

Inventory:

Missiles
 a - 95 arrows
 p - 8 javelins
 q - 25 poisoned needles
 D - 31 tomahawks of returning (quivered)
 M - 2 tomahawks of dispersal
Armour
 w - a +0 buckler (melded)
Jewellery
 e - an uncursed ring of ice
 f - a ring of wizardry (right front leg)
 l - a +4 ring of protection (left front leg)
 B - a ring of protection from fire (on tentacle)
 N - an uncursed ring of fire
Wands
 i - a wand of disintegration (4/24)
 n - a wand of iceblast (9/15)
 o - a wand of slowing (23/48)
 z - a wand of flame (25/48)
 F - a wand of lightning (6/15)
 G - a wand of hasting (3/9)
 H - a wand of iceblast (10/15)
 P - a wand of lightning (5/15)
Scrolls
 d - 5 scrolls of teleportation
 g - a scroll of amnesia
 j - 4 scrolls of remove curse
 u - a scroll of immolation
 v - 2 scrolls of enchant weapon
 y - 5 scrolls of recharging
 C - a scroll of enchant armour
 J - a scroll of magic mapping
Potions
 h - 4 potions of flight
 m - a potion of berserk rage {unknown}
 r - 4 potions of curing
 s - a potion of cancellation
 A - 2 potions of haste {unknown}
 E - 2 potions of invisibility {unknown}
 K - a potion of cure mutation {unknown}
 O - 2 potions of agility {unknown}
Books
 b - a book of Changes

   Spells                             Type                      Level
   a - Beastly Appendage              Transmutation                1
   b - Sticks to Snakes               Transmutation                2
   c - Spider Form                    Transmutation/Poison         3
   d - Ice Form                       Ice/Transmutation            4
   e - Blade Hands                    Transmutation                5
 x - Sif Muna's Disquisition on Quantum Confrontation
   (You found it on level 6 of the Dungeon)

   Spells                             Type                      Level
   a - Shock                          Conjuration/Air              1
   b - Sting                          Conjuration/Poison           1
   c - Throw Frost                    Conjuration/Ice              2
   d - Dazzling Spray                 Conjuration/Hexes            3
   e - Iskenderun's Mystic Blast      Conjuration                  4
   f - Passage of Golubria            Translocation                4
 I - a Necronomicon

   Spells                             Type                      Level
   a - Haunt                          Necromancy/Summoning         7
   b - Borgnjor's Revivification      Necromancy                   8
   c - Death's Door                   Charms/Necromancy            8
   d - Necromutation                  Transmutation/Necromancy     8
 R - a book of Dreams

   Spells                             Type                      Level
   a - Ensorcelled Hibernation        Hexes/Ice                    2
   b - Silence                        Hexes/Air                    5
   c - Darkness                       Hexes                        6
   d - Shadow Creatures               Summoning                    6
Comestibles
 c - 6 bread rations
 k - 2 meat rations
 t - 8 fruits
 L - a slice of pizza
 Q - 5 chunks of flesh


   Skills:
 * Level 6.6 Fighting
 - Level 8.0 Throwing
 - Level 2.0 Dodging
 - Level 5.6 Shields
 - Level 10.0 Unarmed Combat
 * Level 3.2 Spellcasting
 - Level 4.5 Conjurations
 - Level 6.1 Transmutations
 - Level 0.2 Poison Magic


You had 2 spell levels left.
You knew the following spells:

 Your Spells              Type           Power        Failure   Level  Hunger
a - Beastly Appendage     Tmut           ####..       2%          1    None
b - Sticks to Snakes      Tmut           ####....     3%          2    ##.....
c - Spider Form           Tmut/Pois      ###.......   12%         3    ###....
d - Dazzling Spray        Conj/Hex       ##....       16%         3    ###....
e - Sting                 Conj/Pois      ##..         9%          1    None
f - Ice Form              Ice/Tmut       ##......     38%         4    ####...


Dungeon Overview and Level Annotations

Branches:
Dungeon (10/15)            Temple (0/1) D:7            Lair (1/8) D:9
    Orc (0/2) D:10

Altars:
Ashenzari
Cheibriados
Dithmenos
Elyvilon
Fedhas
Makhleb
Qazlal
Ru
Sif Muna
Uskayaw
Yredelemnul

Shops:
D:9 [

Portals:
Trove: D:10 (give +8 demon trident)


Innate Abilities, Weirdness & Mutations

You cannot wear most types of armour.
((You are amphibious.))
You can wear up to eight rings at the same time.
((You can use your tentacles to constrict eight enemies at once.))
((Your skin changes colour to match your surroundings (Stealth+).))
((Your rubbery body absorbs attacks. (AC +1)))


Message History

The black mamba is heavily wounded.
You feel sick.
The black mamba bites you but does no damage.
The black mamba completely misses you.
You hit the black mamba.
The black mamba is heavily wounded.
The black mamba bites you.
You can now pass through a line of other dancers.
You hit the black mamba but do no damage.
The black mamba is poisoned.
The black mamba is heavily wounded.
You feel sick. The black mamba closely misses you. The black mamba bites you!
* * * LOW HITPOINT WARNING * * *
You feel better. The black mamba completely misses you.
The black mamba bites you!
* * * LOW HITPOINT WARNING * * *
You barely miss the black mamba.
The black mamba is heavily wounded.
The black mamba bites you!
You die...

>.......#.......#.##...
#...............#.##.##
###.......#.......#.##+##
............+#+#.###......
...>......................
..........................
........................
.........##.#'#.#.......
.##.#.#..s.####.###....##.
....)...S..# #.+##.....###
.....#....# #..###....##.
...........# #..# #.....#.
......#....# #..# #....##.
............#######.....##
##.####....## #.....### ..
.....# ##....... S ......
...........


You could see a black mamba.

Vanquished Creatures
  The ghost of Frenchkiss the Grappler, a novice VSMo of Hepliaklqana (Bailey)
  A hill giant (D:7)
  An orc knight (Bailey)
  12 yaks
  A wyvern (D:8)
  A hippogriff (D:8)
  2 water moccasins (Lair:1)
  3 porcupines (Lair:1)
  10 orc warriors
  2 ice beasts
  2 phantoms
  An ogre (D:6)
  2 centaurs
  4 crocodiles
  5 giant frogs
  A wyvern skeleton (D:8)
  2 scorpions
  5 wights (D:7)
  3 crimson imps (D:7)
  3 giant frog zombies
  9 hounds
  A jelly (D:8)
  3 giant frog skeletons
  3 orc wizards
  A centaur skeleton (D:9)
  2 orc priests
  Ijyb (D:3)
  3 iguanas
  Natasha (thrice) (D:4)
  A worker ant (D:8)
  2 hound zombies
  2 worker ant zombies (D:6)
  7 gnolls
  10 adders
  4 river rats (D:9)
  3 shadow imps
  An ooze (D:6)
  2 adder zombies (D:7)
  2 worms (D:2)
  4 dart slugs
  5 giant geckos
  17 orcs
  8 giant cockroaches
  2 gnoll zombies (D:6)
  5 goblins
  12 hobgoblins
  5 jackals
  5 quokkas
  3 ball pythons
  16 bats
  4 giant newts
  A jackal skeleton (D:4)
  20 kobolds
  A quokka skeleton (D:7)
  16 rats
246 creatures vanquished.

Vanquished Creatures (collateral kills)
  A hill giant (D:8)
  A two-headed ogre (D:9)
  3 ogres
  A gnoll (D:4)
  A bat (D:9)
  2 kobolds
  A rat (D:9)
10 creatures vanquished.

Vanquished Creatures (others)
  A quokka (D:6)
1 creature vanquished.

Grand Total: 257 creatures vanquished

Notes
Turn   | Place    | Note
--------------------------------------------------------------
     0 | D:1      | MrRokkomies the Octopode Transmuter began the quest for the Orb.
     0 | D:1      | Reached XP level 1. HP: 13/13 MP: 3/3
   126 | D:1      | Reached XP level 2. HP: 16/18 MP: 5/5
   168 | D:1      | Learned a level 2 spell: Sticks to Snakes
   805 | D:2      | Reached XP level 3. HP: 23/23 MP: 6/6
   987 | D:2      | Reached skill level 4 in Unarmed Combat
  1138 | D:2      | Reached XP level 4. HP: 27/28 MP: 1/7
  1404 | D:2      | Learned a level 3 spell: Spider Form
  1482 | D:3      | Noticed Ijyb
  1491 | D:3      | Killed Ijyb
  2239 | D:3      | Reached XP level 5. HP: 23/33 MP: 8/8
  3260 | D:4      | Reached skill level 5 in Unarmed Combat
  3265 | D:4      | HP: 2/49 [poisoned by an adder]
  3517 | D:4      | Found a snail-covered altar of Cheibriados.
  3864 | D:4      | Noticed an ogre
  3880 | D:4      | Killed an ogre
  3880 | D:4      | Reached skill level 1 in Throwing
  3880 | D:4      | Reached XP level 6. HP: 32/38 MP: 1/9
  4461 | D:4      | Noticed a phantom
  4527 | D:5      | Entered Level 5 of the Dungeon
  4540 | D:5      | Reached skill level 5 in Transmutations
  4810 | D:5      | Noticed a sky beast
  4836 | D:4      | Upgraded the game from 0.19-a0-320-gcfc3c9c to 0.19-a0-342-g99000e6
  4948 | D:4      | Reached XP level 7. HP: 30/43 MP: 8/10
  4995 | D:4      | Noticed Natasha
  5003 | D:4      | Killed Natasha
  5329 | D:4      | Noticed Natasha
  5341 | D:4      | Killed Natasha
  5653 | D:5      | Found a blossoming altar of Fedhas.
  5950 | D:4      | Noticed Natasha
  5960 | D:4      | Killed Natasha
  6438 | D:6      | Identified Sif Muna's Disquisition on Quantum Confrontation
  6485 | D:6      | HP: 1/43 [ice beast (4)]
  6487 | D:6      | Reached skill level 1 in Shields
  6788 | D:6      | Found a shadowy altar of Dithmenos.
  6842 | D:6      | Found a white marble altar of Elyvilon.
  6875 | D:6      | Reached XP level 8. HP: 48/48 MP: 1/11
  7147 | D:6      | Found a hide-covered altar to Ukayaw.
  7147 | D:6      | Found a shattered altar of Ashenzari.
  7147 | D:6      | Found a stormy altar of Qazlal.
  7156 | D:6      | Became a worshipper of Uskayaw the Reveler
  7325 | D:6      | Reached * piety under Uskayaw
  7328 | D:6      | Reached ** piety under Uskayaw
  7509 | D:6      | Found a basalt altar of Yredelemnul.
  7613 | D:7      | Found a staircase to the Ecumenical Temple.
  7623 | D:7      | Reached skill level 6 in Unarmed Combat
  7670 | D:7      | Found a flagged portal.
  7680 | Bailey   | Entered a bailey
  7701 | Bailey   | Learned a level 3 spell: Dazzling Spray
  7703 | Bailey   | Learned a level 1 spell: Sting
  7712 | Bailey   | Noticed Frenchkiss's ghost (novice VSMo)
  7723 | Bailey   | Noticed an orc knight
  7850 | Bailey   | Reached *** piety under Uskayaw
  7864 | Bailey   | Reached skill level 1 in Conjurations
  7870 | Bailey   | Reached **** piety under Uskayaw
  7966 | Bailey   | HP: 2/48 [orc warrior/stone (16)]
  8261 | Bailey   | Killed Frenchkiss's ghost
  8261 | Bailey   | Reached skill level 5 in Shields
  8261 | Bailey   | Reached XP level 9. HP: 53/53 MP: 12/12
  8820 | Bailey   | Killed an orc knight
  8820 | Bailey   | Reached skill level 7 in Unarmed Combat
  9487 | D:7      | Noticed a hill giant
  9489 | D:7      | Upgraded the game from 0.19-a0-342-g99000e6 to 0.19-a0-379-ge33ada3
  9515 | D:7      | Killed a hill giant
  9515 | D:7      | Reached skill level 5 in Fighting
  9515 | D:7      | Reached skill level 8 in Unarmed Combat
  9515 | D:7      | Reached XP level 10. HP: 59/66 MP: 10/13
 10128 | D:8      | Reached skill level 5 in Throwing
 10147 | D:8      | Found a burning altar of Makhleb.
 10171 | D:8      | Noticed a hill giant
 10186 | D:8      | Killed a hill giant
 10224 | D:8      | Identified a scroll of acquirement
 10453 | D:8      | Found a sacrificial altar of Ru.
 10561 | D:8      | Found a deep blue altar of Sif Muna.
 11066 | D:8      | Reached skill level 9 in Unarmed Combat
 11204 | D:9      | Found Samimam's Antique Armour Shoppe.
 11722 | D:9      | HP: 1/66 [orc warrior/dire flail (22)]
 12346 | D:9      | Found a staircase to the Lair.
 12813 | D:9      | Upgraded the game from 0.19-a0-379-ge33ada3 to 0.19-a0-406-ge21436e
 12854 | D:10     | Entered Level 10 of the Dungeon
 12857 | D:10     | Found a staircase to the Orcish Mines.
 12973 | D:10     | Reached ***** piety under Uskayaw
 12974 | D:10     | Reached skill level 10 in Unarmed Combat
 12980 | D:10     | Reached XP level 11. HP: 48/72 MP: 11/14
 13153 | D:10     | Found a hide-covered altar of Uskayaw.
 13222 | D:10     | Found a portal to a secret trove of treasure.
 13234 | D:10     | Noticed a seven-headed hydra
 13337 | Lair:1   | Entered Level 1 of the Lair of Beasts
 13712 | Lair:1   | Learned a level 4 spell: Ice Form
 13732 | Lair:1   | Slain by a black mamba

Vault maps used:
D:1:      minmay_arrival_jagged, hangedman_glass_teeth, grunt_decor_resistance
D:3:      first_bread, uniq_iyjb
D:4:      kennysheep_slug_shrine, uniq_natasha
D:5:      fedhas_altar_fruit_tree
D:6:      gammafunk_temple_overflow_forgotten, lemuel_zombie_altar_yredelemnul,
          elyvilon_altar_4, marbit_many_paths
D:7:      temple_statues, enter_bailey_8
D:8:      old_standard_altar, led_sif_pool, hangedman_ru_absence
D:9:      grunt_lair_entry_orc_guard_hut, serial_shops, shop_statue
D:10:     david_orc_3, enter_trove_2, basic_altar,
          hangedman_little_slice_of_home
Lair:1:   basic_altar, grunt_megastairs_4
Bailey:   bailey_axe_4, bailey

Skill      XL: |  1  2  3  4  5  6  7  8  9 10 11 |
---------------+----------------------------------+-----
Transmutations | 3 4 5 6 |  6.1
Unarmed Combat | 4 5 6 8 10 | 10.0
Throwing       | 1 2 4 7 8 |  8.0
Shields        | 1 5 |  5.6
Conjurations   | 4 |  4.5
Fighting       | 5 6 |  6.6
Spellcasting   | 3 |  3.2
Dodging        | |  2.0
Poison Magic   | |  0.2

Action                   |  1- 3 |  4- 6 |  7- 9 | 10-12 || total
-------------------------+-------+-------+-------+-------++-------
Melee: Unarmed           |    86 |   158 |   212 |   331 ||   787
       Constrict         |    22 |    28 |    27 |    42 ||   119
       Tentacles         |    10 |    21 |    34 |    35 ||   100
       Punch             |     1 |     4 |     9 |    15 ||    29
       Kick              |     3 |     7 |     8 |    15 ||    33
Throw: Javelin           |       |    16 |     6 |       ||    22
       Tomahawk          |       |       |   165 |    77 ||   242
 Cast: Sticks to Snakes  |     5 |    14 |     6 |    10 ||    35
       Beastly Appendage |     3 |     8 |     3 |     7 ||    21
       Spider Form       |       |     1 |     3 |     7 ||    11
       Dazzling Spray    |       |       |     8 |       ||     8
       Sting             |       |       |     6 |       ||     6
Evoke: Wand              |       |       |       |     1 ||     1
  Use: Scroll            |     6 |     8 |     2 |     4 ||    20
       Potion            |     1 |     6 |     3 |     2 ||    12
 Stab: Sleeping          |     6 |     3 |     6 |     6 ||    21
       Paralysed         |       |       |     1 |     4 ||     5
       Distracted        |       |       |       |     2 ||     2
  Eat: Chunk             |     1 |    13 |     5 |    15 ||    34
       Meat ration       |       |       |     2 |       ||     2
       Beef jerky        |       |       |     1 |       ||     1
Armor: Skin              |     8 |    29 |    40 |    54 ||   131
Dodge: Dodged            |    62 |    94 |   114 |   161 ||   431
Block: Buckler           |       |       |    11 |    52 ||    63
